 Dungeon Sprint DCSS version 0.24.0-41-g2ae2f7f1be (webtiles) character file.

Game seed: 13481726092448510873, levelgen mode: deterministic

76 McKennaii the Skirmisher (level 4, -7/38 HPs)
             Began as a Demonspawn Fighter on Dec 9, 2019.
             Was an Initiate of Makhleb.
             Mangled by a two-headed ogre
             ... wielding a +0 giant club
              (11 damage)
             ... in the Dungeon (Sprint IX: "|||||||||||||||||||||||||||||").
             The game lasted 00:01:13 (321 turns).

McKennaii the Skirmisher (Demonspawn Fighter)        Turns: 321, Time: 00:01:13

Health: -7/38      AC: 12    Str: 18    XL:     4   Next: 12%
Magic:  4/4        EV:  5    Int: 15    God:    Makhleb [......]
Gold:   0          SH:  9    Dex: 12    Spells: 3/3 levels left

rFire    . . .     SeeInvis .   a - +0 long sword
rCold    . . .     Gourm    .   c - +0 shield
rNeg     + . .     Faith    .   r - +1 chain mail {rN+}
rPois    .         Spirit   .   (helmet restricted)
rElec    .         Reflect  .   (no cloak)
rCorr    .         Harm     .   q - +0 pair of gloves
MR       .....     NoTele   +   p - +0 pair of boots
Stlth    ..........             (no amulet)
HPRegen  0.12/turn              b - +3 ring of intelligence
MPRegen  0.09/turn              s - +3 ring of intelligence

@: no status effects
A: antennae 2, rot immunity
a: Renounce Religion


You were in the Dungeon.
You worshipped Makhleb.
Makhleb was noncommittal.
You were not hungry.

You visited 1 branch

Inventory:

Hand Weapons
 a - a +0 long sword (weapon)
Armour
 c - a +0 shield (worn)
 p - a +0 pair of boots (worn)
 q - a +0 pair of gloves (worn)
 r - a +1 chain mail of positive energy (worn)
Jewellery
 b - a +3 ring of intelligence (left hand)
 s - a +3 ring of intelligence (right hand)
Wands
 o - a wand of iceblast (10)
Scrolls
 k - 2 scrolls of blinking
 m - 3 scrolls of remove curse
 n - 2 scrolls of amnesia
Potions
 d - a potion of might
 e - 5 potions of curing
 g - 3 potions of heal wounds
 h - a potion of haste
 i - 4 potions of magic
 j - a potion of berserk rage
 l - a potion of invisibility
Comestibles
 f - a ration


   Skills:
 + Level 4.7 Fighting
 * Level 4.5 Long Blades
 + Level 4.3 Armour
 + Level 0.8 Dodging
 + Level 4.2 Shields


You had 3 spell levels left.
You didn't know any spells.
Your spell library was empty.

Dungeon Overview and Level Annotations

Branches:
Dungeon (1/1)

Altars:
Cheibriados
Dithmenos
Elyvilon
Fedhas
Gozag
Hepliaklqana
Kikubaaqudgha
Makhleb
Nemelex Xobeh
Okawaru
Qazlal
Ru
Sif Muna
Trog
Uskayaw
Vehumet
Wu Jian
Xom
Yredelemnul
Zin
The Shining One
Beogh
Jiyva
Lugonu


Innate Abilities, Weirdness & Mutations

You have a pair of antennae on your head.
You are immune to rotting.


Message History

Your shield and chain mail prevent you from hitting the two-headed ogre.
You hit the two-headed ogre.
The two-headed ogre is lightly wounded.
You block the two-headed ogre's attack.
The two-headed ogre hits you with a cursed +0 giant spiked club!
You hit the two-headed ogre.
The two-headed ogre is lightly wounded.
The two-headed ogre hits you with a +0 giant club.
The two-headed ogre hits you with a cursed +0 giant spiked club.
* * * LOW HITPOINT WARNING * * *
Your shield and chain mail prevent you from hitting the two-headed ogre.
The two-headed ogre is lightly wounded.
You block the two-headed ogre's attack.
The two-headed ogre hits you with a cursed +0 giant spiked club.
* * * LOW HITPOINT WARNING * * *
You slash the two-headed ogre!
The two-headed ogre is lightly wounded.
You block the two-headed ogre's attack.
The two-headed ogre hits you with a cursed +0 giant spiked club!
You die... {{{{{{{{ {{{{{{{ { ▓▓▓▓▓▓▓▓▓▓▓▓▓▓▓▓▓▓▓▓▓▓▓▓ .aFYlFO@.[..)|..'_______ ▓▓▓▓▓▓▓▓▓▓▓▓▓▓▓▓▓▓▓▓▓▓▓▓

You could see a two-headed ogre, an ice beast, 2 bullfrogs, a worker ant and a leopard gecko.

Vanquished Creatures
  A crimson imp (D)
  A worker ant (D)
  A shadow imp (D)
  A dart slug (D)
  A leopard gecko (D)
  A bat (D)
  A goblin (D)
  2 hobgoblins (D)
  A leopard gecko skeleton (D)
10 creatures vanquished.

Notes
Turn   | Place    | Note
-------+----------+-------------------------------------------
     0 | D        | McKennaii the Demonspawn Fighter began the quest for the
                  | Orb.
     0 | D        | Reached XP level 1. HP: 18/18 MP: 1/1
    18 | D        | Gained mutation: You have a pair of small antennae on your
                  | head. [demonic ancestry]
    18 | D        | Reached XP level 2. HP: 24/25 MP: 2/2
    25 | D        | Noticed a crimson imp
    29 | D        | Gained mutation: You have a pair of antennae on your head.
                  | [demonic ancestry]
    29 | D        | Reached XP level 3. HP: 25/30 MP: 3/3
    80 | D        | Gained mutation: You are immune to rotting. [demonic
                  | ancestry]
    80 | D        | Reached XP level 4. HP: 18/38 MP: 4/4
   243 | D        | Found a roughly hewn altar of Beogh.
   243 | D        | Found a snail-covered altar of Cheibriados.
   243 | D        | Found a shadowy altar of Dithmenos.
   243 | D        | Found a white marble altar of Elyvilon.
   243 | D        | Found a blossoming altar of Fedhas.
   243 | D        | Found an opulent altar of Gozag.
   244 | D        | Found a hazy altar of Hepliaklqana.
   245 | D        | Found a viscous altar of Jiyva.
   246 | D        | Found an ancient bone altar of Kikubaaqudgha.
   247 | D        | Found a corrupted altar of Lugonu.
   248 | D        | Found a burning altar of Makhleb.
   249 | D        | Found a sparkling altar of Nemelex Xobeh.
   250 | D        | Found an iron altar of Okawaru.
   251 | D        | Found a stormy altar of Qazlal.
   252 | D        | Found a sacrificial altar of Ru.
   253 | D        | Found a shimmering blue altar of Sif Muna.
   254 | D        | Found a bloodstained altar of Trog.
   255 | D        | Found a hide-covered altar of Uskayaw.
   256 | D        | Became a worshipper of Makhleb the Destroyer
   257 | D        | Found a radiant altar of Vehumet.
   258 | D        | Found an ornate altar of the Wu Jian Council.
   259 | D        | Found a shimmering altar of Xom.
   260 | D        | Found a basalt altar of Yredelemnul.
   261 | D        | Found a glowing silver altar of Zin.
   262 | D        | Found a glowing golden altar of the Shining One.
   279 | D        | Found the +6 Majin-Bo {vamp, Archmagi MP+6 Int+6}
   314 | D        | Noticed a bullfrog
   314 | D        | Noticed an ice beast
   314 | D        | Noticed a two-headed ogre
   314 | D        | Noticed a bullfrog
   321 | D        | Mangled by a two-headed ogre

Levels and vault maps discovered:
D:        linesprint [early_d, line_temple, items_1, d_10, items_2, lair_1,
          lair_end, items_3, orc_1, orc_end, items_4, d_15, swamp_1, shoals_1,
          snake_1, spider_1, d_20, vaults_1, items_5, swamp_end, shoals_end,
          snake_end, spider_end, vaults_end, d_27, items_6, zot_1, zot_end,
          crypt_end, forest_end, elf_end, slime_end, tomb_end, abyss_end,
          pan_hell_end]

Skill      XL: |  1  2  3 |
---------------+----------+-----
Armour         | 3 4 |  4.3
Shields        | 3 4 |  4.2
Long Blades    | 2 3 4 |  4.5
Fighting       | 4 |  4.7
Dodging        | |  0.8

Action                   |  1- 3 |  4- 6 || total
-------------------------+-------+-------++-------
Melee: Long sword        |    54 |     7 ||    61
Armor: Scale mail        |    24 |       ||    24
       Chain mail        |       |     2 ||     2
Dodge: Dodged            |    16 |       ||    16
Block: Shield            |    22 |     4 ||    26
       Rpst.: Long sword |     3 |       ||     3
